 Dungeon Crawl Stone Soup version 0.29.1-13-g9f3cf754e1 (webtiles) character file.

Game seed: 644412183566089286

2838 nightchill the Cleaver (level 9, -15/82 HPs)
             Began as a Minotaur Fighter on Feb 3, 2023.
             Was a Believer of Qazlal.
             Killed from afar by a gargoyle (18 damage)
             ... with a stone arrow
             ... on level 8 of the Dungeon.
             The game lasted 00:11:46 (6891 turns).

nightchill the Cleaver (Minotaur Fighter)           Turns: 6891, Time: 00:11:47

Health: -15/82     AC: 18    Str: 25    XL:     9   Next: 46%
Magic:  0/12       EV:  6    Int:  9    God:    Qazlal [**....]
Gold:   299        SH:  7    Dex:  6    Spells: 8/8 levels left

rFire   + . .      SeeInvis .   a - +0 war axe
rCold   . . .      Faith    .   c - +0 buckler
rNeg    + . .      Spirit   .   K - +4 plate armour {rF+}
rPois   .          Reflect  .   (helmet restricted)
rElec   .          Harm     .   (no cloak)
rCorr   .          Rampage  .   G - +1 pair of gloves of Lugonu's Reproof {rN+ Regen+ Int+4 Dex-4}
Will    +....                   k - +0 pair of boots
Stlth   ..........              (no amulet)
HPRegen 1.03/turn               J - ring of willpower
MPRegen 0.13/turn               (no ring)

@: brilliant, invisible
A: horns 2, retaliatory headbutt
a: Renounce Religion, Upheaval


You were on level 8 of the Dungeon.
You worshipped Qazlal.
Qazlal was pleased with you.
You visited 1 branch of the dungeon, and saw 8 of its levels.

You collected 299 gold pieces.

Inventory:

Hand Weapons
 a - a +0 war axe (weapon)
 v - a +0 war axe
 M - a +0 morningstar of draining
 O - the +1 mace of Jigoic {elec, +Blink rF++}
   (You found it on level 8 of the Dungeon)

   It occasionally discharges a powerful burst of electricity upon striking a
   foe.
   rF:        It greatly protects you from fire.
   +Blink:    It lets you blink.
Missiles
 w - 2 datura-tipped darts (quivered)
Armour
 b - a +0 scale mail
 c - a +0 buckler (worn)
 k - a +0 pair of boots (worn)
 t - a +0 chain mail
 y - a +0 plate armour
 G - the +1 pair of gloves of Lugonu's Reproof (worn) {rN+ Regen+ Int+4 Dex-4}
   (You found it on level 5 of the Dungeon)

   Int:       It affects your intelligence (+4).
   Dex:       It affects your dexterity (-4).
   rN:        It protects you from negative energy.
   Regen:     It increases your rate of health regeneration.
 K - a +4 plate armour of fire resistance (worn)
Jewellery
 J - a ring of willpower (left hand)
Wands
 o - a wand of roots (20)
 r - a wand of flame (20)
Scrolls
 e - 8 scrolls of identify {unknown}
 f - 2 scrolls of enchant weapon {unknown}
 l - 4 scrolls of teleportation {unknown}
 n - 2 scrolls of immolation {unknown}
 p - a scroll of blinking {unknown}
 s - a scroll of acquirement {unknown}
 x - 2 scrolls of fog {unknown}
 z - 2 scrolls of vulnerability {unknown}
 B - a scroll of enchant armour {unknown}
 D - a scroll of poison {unknown}
 F - a scroll of summoning {unknown}
 H - a scroll of amnesia {unknown}
 I - a scroll of torment {unknown}
 L - a scroll of noise {unknown}
 N - a scroll of magic mapping {unknown}
Potions
 d - a potion of might
 g - 6 potions of heal wounds {unknown}
 h - 5 potions of curing
 i - 2 potions of degeneration {unknown}
 j - 2 potions of cancellation
 m - a potion of berserk rage {unknown}
 q - a potion of magic {unknown}
 u - 2 potions of flight {unknown}
 A - 2 potions of brilliance
 C - 2 potions of invisibility
 E - a potion of attraction {unknown}


   Skills:
 + Level 8.7 Fighting
 * Level 11.4 Axes
 - Level 3.6 Armour
 - Level 3.6 Shields
 + Level 6.2 Invocations


You had 8 spell levels left.
You didn't know any spells.
Your spell library contained the following spells:

 Spells                   Type           Power      Damage    Failure   Level
 Sting                    Tmut/Pois      0%         1d3       100%        1
 Poisonous Vapours        Pois/Air       0%         N/A       100%        2
 Static Discharge         Conj/Air       0%         3-3/arc   100%        2
 Olgreb's Toxic Radiance  Pois           0%         N/A       100%        4
 Lightning Bolt           Conj/Air       0%         1d11      100%        5
 Maxwell's Capacitive Co  Air            0%         ∞         100%        8


Dungeon Overview and Level Annotations

Branches:
Dungeon (8/15)             Temple (0/1) D:5
   Lair: D:8-11

Altars:
Ashenzari
Dithmenos
Gozag
Hepliaklqana
Okawaru
Qazlal
Ru
Trog
Uskayaw
Wu Jian
The Shining One

Shops:
D:2 *   D:3 !*[

Annotations:
D:7 3 runed translucent doors, Aldia's ghost, novice GnWn


Innate Abilities, Weirdness & Mutations

You have a pair of horns on your head.
You reflexively headbutt those who attack you in melee.


Message History

You block the howler monkey's attack.
You barely miss the howler monkey.
The howler monkey is almost dead.
The howler monkey hits you but does no damage.
You completely miss the howler monkey. You headbutt the howler monkey.
You kill the howler monkey!
Qazlal accepts your kill.
You block the vampire mosquito's attack.
You miss the vampire mosquito. The vampire mosquito bites you.
* * * LOW HITPOINT WARNING * * *
The vampire mosquito closely misses you.
It was a potion of cancellation.
You feel magically purged.
The vampire mosquito is engulfed in freezing vapours.
The vampire mosquito barely misses you.
It was a potion of brilliance.
You feel clever all of a sudden.
The vampire mosquito is engulfed in freezing vapours.
The vampire mosquito bites you but does no damage.
The vampire mosquito is engulfed in freezing vapours.
The vampire mosquito bites you.
* * * LOW HITPOINT WARNING * * *
It was a potion of invisibility.
You fade into invisibility!
The vampire mosquito is engulfed in freezing vapours.
You destroy the vampire mosquito!
Qazlal accepts your kill.
The orc knight unwields a +0 long sword.
The orc knight wields a +0 arbalest.
The orc knight shoots a bolt.
The bolt hits you!!
* * * LOW HITPOINT WARNING * * *
Aiming: Upheaval
Press: ? - help, Dir - move target, f - wight
Aim: a wight, wielding a +2 dire flail of protection and wearing a +0 robe (unable to see you) Magma suddenly erupts from the ground!
The blast of magma engulfs the wight!!
You destroy the wight!
Qazlal accepts your kill.
The gargoyle hurls a stone arrow past the orc knight.
The stone arrow hits you!!
You die...

.. #.#.# .. #.#
#.#.# $###.# #...#
'#.#.# #...#
##$#.#.# #...#
#9.#.#.# #.#.#
#)o#.#.# #.#.#
##○##.#.# #.#.##
#.@...#.#+#.#..# ♣
#.♣♣♣.#♣...♣#..# ♣.
#.....#♣♣.♣♣#..#
♣.♣♣###.### ♣)♣
#..#
...#.....#♣♣†♣♣#..#
♣.#.♣.♣.#♣)..♣#..#
♣)..♣.♣.......#..#
♣.#.♣♣♣.#♣...♣#..#
...#.♣ ♣.#♣♣.♣♣#..#


You could see an orc knight (unable to see you) and a gargoyle (unable to see
you).

Vanquished Creatures
  A hornet (D:7)
  A yak (D:8)
  A vampire mosquito (D:8)
  A water moccasin (D:8)
  2 orc warriors (D:7)
  2 black bears
  A kobold brigand (D:8)
  2 bullfrogs
  2 gnoll sergeants
  2 necrophages
  3 scorpions
  A wight (D:8)
  4 howler monkeys
  3 jellies
  4 hounds
  7 orc priests
  5 iguanas
  Ijyb (D:4)
  9 orc wizards
  8 gnolls
  7 adders
  A shadow imp (D:5)
  3 ufetubi
  3 worms (D:2)
  3 dart slugs
  19 orcs
  7 bats
  9 endoplasms
  3 giant cockroaches
  13 goblins
  5 hobgoblins
  3 quokkas
  12 ball pythons
  2 frilled lizards
  14 kobolds
  8 rats
172 creatures vanquished.

Vanquished Creatures (others)
  11 plants
11 creatures vanquished.

Grand Total: 183 creatures vanquished

Notes
Turn   | Place    | Note
-------+----------+-------------------------------------------
     0 | D:1      | nightchill the Minotaur Fighter began the quest for the
                  | Orb.
     0 | D:1      | Reached XP level 1. HP: 19/19 MP: 0/0
   257 | D:1      | Reached skill level 3 in Axes
   353 | D:1      | Reached XP level 2. HP: 27/27 MP: 1/1
   442 | D:1      | Found a faded altar of an unknown god.
   483 | D:1      | Prayed at the altar of an unknown god.
   483 | D:1      | Became a worshipper of Qazlal Stormbringer
   483 | D:1      | Reached * piety under Qazlal
   923 | D:2      | Reached XP level 3. HP: 25/33 MP: 2/2
  1104 | D:2      | Reached skill level 4 in Axes
  1457 | D:2      | Reached ** piety under Qazlal
  1586 | D:2      | Found Ysad's General Store.
  1714 | D:2      | Reached XP level 4. HP: 41/41 MP: 3/3
  1820 | D:2      | Reached skill level 1 in Invocations
  2228 | D:3      | Found Weaqek's General Store.
  2238 | D:3      | Found Viogal's Armour Shoppe.
  2249 | D:3      | Found a bloodstained altar of Trog.
  2437 | D:3      | Found Coenoa's Distillery.
  2828 | D:3      | Found a sacrificial altar of Ru.
  3408 | D:4      | Reached skill level 5 in Axes
  3410 | D:4      | Reached XP level 5. HP: 47/47 MP: 5/5
  3420 | D:4      | Found a broken altar of Ashenzari.
  3475 | D:4      | Reached skill level 5 in Fighting
  3479 | D:4      | Reached skill level 6 in Axes
  3479 | D:4      | Reached XP level 6. HP: 33/56 MP: 2/6
  3687 | D:4      | Noticed Ijyb
  3698 | D:4      | Killed Ijyb
  3956 | D:4      | Reached XP level 7. HP: 61/62 MP: 8/8
  4042 | D:4      | Reached skill level 7 in Axes
  4191 | D:5      | Entered Level 5 of the Dungeon
  4192 | D:5      | Found a hazy altar of Hepliaklqana.
  4333 | D:5      | Found an iron altar of Okawaru.
  4421 | D:5      | Found a staircase to the Ecumenical Temple.
  4647 | D:5      | Reached skill level 8 in Axes
  4691 | D:5      | Reached *** piety under Qazlal
  4881 | D:5      | Identified the +1 pair of gloves of Lugonu's Reproof {rN+
                  | Regen+ Int+4 Dex-4}
  5066 | D:5      | Reached XP level 8. HP: 70/71 MP: 10/10
  5330 | D:6      | Found a shadowy altar of Dithmenos.
  5440 | D:6      | Found an ornate altar of the Wu Jian Council.
  5765 | D:6      | Found a glowing golden altar of the Shining One.
  5924 | D:7      | Reached skill level 9 in Axes
  6038 | D:7      | Reached skill level 5 in Invocations
  6181 | D:7      | Found a runed translucent gate.
  6181 | D:7      | Found a runed translucent gate.
  6182 | D:7      | Found a runed translucent gate.
  6183 | D:7      | Found an opulent altar of Gozag.
  6185 | D:7      | Noticed Aldia's ghost (novice GnWn)
  6185 | D:7      | Noticed a hornet
  6195 | D:7      | Killed a hornet
  6196 | D:7      | Reached skill level 10 in Axes
  6225 | D:7      | Found a hide-covered altar of Uskayaw.
  6242 | D:7      | Found an opulent altar of Gozag.
  6291 | D:7      | Reached XP level 9. HP: 77/81 MP: 12/12
  6519 | D:7      | Found a stormy altar of Qazlal.
  6787 | D:8      | Identified the +1 mace of Jigoic {elec, +Blink rF++}
  6863 | D:8      | Noticed an orc knight
  6874 | D:8      | Reached skill level 11 in Axes
  6876 | D:8      | Noticed a gargoyle
  6890 | D:8      | HP: 2/82 [orc knight/bolt (22)]
  6891 | D:8      | Killed from afar by a gargoyle

Illustrated notes

Levels and vault maps discovered:
D:1:      tarquinn_simple_flora_water_b, layout_loops_ring,
          hellmonk_ecumenical_altar_lost_god
D:2:      minmay_skewed_foursquare, layout_loops_corners, serial_shops,
          nicolae_shop_crystal, minmay_quadrilaterals
D:3:      layout_loops_corners, mainiacjoe_overflow_alcove_4,
          nicolae_overflow_crystal_walls, serial_shops, shop, shop, shop,
          patterned_corridor
D:4:      layout_rooms, nicolae_ashenzari_panopticon, portal_sewer_entry_e,
          uniq_ijyb
D:5:      layout_basic, lemuel_crystal_altar,
          mainiacjoe_overflow_concentric_impassable,
          minmay_temple_entry_enclosed_plants, lightli_minifort
D:6:      minmay_klotski, layout_basic, pdpol_wu_jian_five_deadly_venoms,
          grunt_dithmenos_smoke_and_mirrors, nicolae_tso_carved_into_rock
D:7:      layout_loops_ring, nicolae_qazlal_style_of_elements,
          mainiacjoe_overflow_boulevard, amcnicky_altar_gilded,
          ebering_ghost_gozag
D:8:      nzn_winding_woodlands_medium [nzn_winding_woodlands_5x5_perimeter,
          nzn_winding_woodlands_5x15_pathside_ponds,
          nzn_winding_woodlands_5x5_default, nzn_winding_woodlands_5x5_three,
          nzn_winding_woodlands_center_lodge, nzn_winding_woodlands_5x5_cross,
          nzn_winding_woodlands_5x5_default,
          nzn_winding_woodlands_5x15_longhouse,
          nzn_winding_woodlands_5x5_checkerboard], layout_loops_ring,
          mainiacjoe_overflow_chevrons, enter_bailey_7, serial_rivers,
          chequers_serial_rivers_marsh, chequers_serial_rivers_large_a,
          chequers_serial_rivers_micro_a, chequers_serial_rivers_micro_b,
          chequers_serial_rivers_micro_c, uniq_maggie

Skill      XL: |  1  2  3  4  5  6  7  8  9 |
---------------+----------------------------+-----
Axes           | 3 4 5 6 8 10 11 | 11.4
Fighting       | 4 5 6 7 8 |  8.7
Invocations    | 1 2 3 4 5 6 |  6.2
Armour         | |  3.6
Shields        | |  3.6

Action                   |  1- 3 |  4- 6 |  7- 9 || total
-------------------------+-------+-------+-------++-------
Melee: War axe           |   107 |    97 |   226 ||   430
       Headbutt          |    15 |    19 |    38 ||    72
Invok: Upheaval          |       |     1 |    13 ||    14
  Use: Potion            |       |       |     4 ||     4
Armor: Scale mail        |    46 |     3 |       ||    49
       Chain mail        |       |     9 |       ||     9
       Plate armour      |       |    31 |   109 ||   140
Dodge: Dodged            |    47 |    26 |    58 ||   131
Block: Buckler           |    31 |    32 |    72 ||   135
